 Dungeon Crawl Stone Soup version 0.29.0-11-gd7f09526c8 (webtiles) character file.

Game seed: 11501554648996099008

27146 mdonais the Carver (level 13, -6/96 HPs)
             Began as an Octopode Wanderer on Sept 3, 2022.
             Was a High Priest of Trog.
             Shot with a bolt by an orc warrior (7 damage)
             ... on level 2 of the Orcish Mines.
             The game lasted 01:11:43 (18795 turns).

mdonais the Carver (Octopode Wanderer)             Turns: 18795, Time: 01:11:43

Health: -6/96      AC:  4    Str: 17    XL:     13   Next: 30%
Magic:  13/13      EV: 21    Int: 10    God:    Trog [*****.]
Gold:   370        SH: 11    Dex: 21    Spells: 12/12 levels left

rFire   + . .      SeeInvis .   a - +9 sword of Zonguldrok {reap}
rCold   + . .      Faith    .   e - +0 buckler {AC+3}
rNeg    . . .      Spirit   .   (helmet restricted)
rPois   .          Reflect  +   J - amulet of reflection
rElec   .          Harm     .   h - ring of fire
rCorr   .          Rampage  .   i - ring of ice
Will    .....                   c - ring of protection from cold
Stlth   ++++++....              f - ring of protection from fire
HPRegen 0.26/turn               C - +6 ring of strength
MPRegen 0.13/turn               (no ring)
                                (no ring)
                                (no ring)

@: about to teleport, on berserk cooldown, attractive, slowed, invisible, very
slow
A: almost no armour, amphibious, 8 rings, camouflage 1, gelatinous body 1,
(nimble swimmer 1), tentacles
a: Renounce Religion, Berserk, Trog's Hand, Brothers in Arms


You were on level 2 of the Orcish Mines.
You worshipped Trog.
Trog was extremely pleased with you.
You visited 4 branches of the dungeon, and saw 15 of its levels.

You collected 1436 gold pieces.
You spent 1066 gold pieces at shops.

Inventory:

Hand Weapons
 a - the +9 sword of Zonguldrok (weapon) {reap}
   (You bought it in a shop on level 8 of the Dungeon)

   Any living foe damaged by it may be reanimated upon death as a zombie
   friendly to the wielder, with an increasing chance as more damage is dealt.
 b - a +1 sling
   (You found it on level 5 of the Dungeon)
 N - a +2 arbalest of flaming
   (You took it off an orc warrior on level 1 of the Orcish Mines)
 O - a +3 short sword of speed
   (You took it off an orc on level 10 of the Dungeon)
Missiles
 s - 34 poisoned darts
 t - 4 boomerangs (quivered)
 Z - 3 throwing nets {=!f}
Armour
 e - a +0 buckler of protection (worn)
Jewellery
 c - a ring of protection from cold (on tentacle)
   (You found it on level 6 of the Dungeon)
 f - a ring of protection from fire (on tentacle)
   (You found it on level 2 of the Dungeon)
 h - a ring of fire (left tentacle)
   (You found it on level 4 of the Dungeon)
 i - a ring of ice (right tentacle)
   (You found it on level 1 of the Dungeon)
 C - a +6 ring of strength (on tentacle)
   (You found it on level 8 of the Dungeon)
 J - an amulet of reflection (around mantle)
   (You found it on level 8 of the Dungeon)
 L - an amulet of faith
   (You found it on level 1 of the Lair of Beasts)
Wands
 A - a wand of quicksilver (5)
   (You found it on level 5 of the Dungeon)
 I - a wand of iceblast (7)
   (You found it on level 6 of the Dungeon)
 P - a wand of paralysis (3)
   (You found it on level 10 of the Dungeon)
 V - a wand of flame (8)
   (You took it off a kobold on level 9 of the Dungeon)
Scrolls
 d - a scroll of silence
 g - 2 scrolls of fear {unknown}
 n - a scroll of enchant armour {unknown}
 r - 2 scrolls of immolation
 v - 2 scrolls of enchant weapon
 w - 2 scrolls of poison
 y - 2 scrolls of summoning
 B - 2 scrolls of blinking
 G - a scroll of vulnerability
 M - 2 scrolls of magic mapping
 T - 9 scrolls of teleportation
Potions
 j - a potion of berserk rage {unknown}
 k - 2 potions of flight {unknown}
 l - a potion of cancellation {unknown}
 m - 4 potions of attraction
 o - a potion of resistance
 q - 2 potions of heal wounds {unknown}
 x - 2 potions of might {unknown}
 z - a potion of ambrosia {unknown}
 D - 2 potions of lignification
 H - a potion of haste
 K - a potion of magic {unknown}
 Q - 2 potions of curing
Miscellaneous
 X - a box of beasts (inert)
   (You found it on level 7 of the Dungeon)


   Skills:
 - Level 11.9 Fighting
 - Level 2.1(7.9) Short Blades
 + Level 12.0(12.1) Long Blades
 - Level 4.0 Ranged Weapons
 - Level 2.0 Throwing
 - Level 11.0 Dodging
 - Level 10.0 Stealth
 - Level 4.0 Shields
 - Level 1.0 Invocations
 - Level 6.0 Evocations


You had 12 spell levels left.
You didn't know any spells.
Your spell library contained the following spells:

 Spells                   Type           Power      Damage    Failure   Level
 Beastly Appendage        Tmut           0%         N/A       43%         1
 Sting                    Tmut/Pois      0%         1d3       43%         1
 Blink                    Tloc           0%         N/A       58%         2
 Poisonous Vapours        Pois/Air       0%         N/A       58%         2
 Olgreb's Toxic Radiance  Pois           0%         N/A       99%         4
 Petrify                  Tmut/Erth      0%         N/A       99%         4
 Irradiate                Conj/Tmut      0%         3d11      100%        5
 Manifold Assault         Tloc           0%         N/A       100%        5
 Malign Gateway           Summ/Tloc      0%         N/A       100%        7
 Storm Form               Tmut/Air       0%         N/A       100%        7
 Summon Horrible Things   Summ           0%         N/A       100%        8


Dungeon Overview and Level Annotations

Branches:
Dungeon (10/15) Zot: 24092  Temple (1/1) D:5 Zot: 5998    Lair (2/5) D:8 Zot: 10357
    Orc (2/2) D:10 Zot: 10110     Elf (0/3) Orc:2
  Swamp: Lair:2-3    Shoals: Lair:2-3     Snake: Lair:2-3    Spider: Lair:2-3

Altars:
Ashenzari
Elyvilon
Hepliaklqana
Kikubaaqudgha
Makhleb
Okawaru
Ru
Trog
Zin

Shops:
D:3 (   D:8 **   Orc:1 [   Orc:2 *

Portals:
Abyss: D:8
Trove: D:10 (give 4 potions of resistance)

Annotations:
D:8 2 transporters, hilljack's ghost, novice GrEE
D:10 3 runed translucent doors, Vadun's ghost, novice TeMo


Innate Abilities, Weirdness & Mutations

You cannot wear most types of armour.
You are amphibious.
You can wear up to eight rings at the same time.
Your skin changes colour to match your surroundings (Stealth+).
Your rubbery body absorbs attacks. (AC +1, EV +1)
((You are camouflaged when in or above water. (Stealth+)))
You have tentacles for arms and can constrict up to eight enemies at once.


Message History

The centaur shoots an arrow.
You reflect the arrow off an invisible shield around you!
The arrow hits the centaur!
The centaur shoots an arrow.
The arrow hits your ogre!
The orc warrior shoots a bolt.
The bolt hits your orc zombie!!
Your orc zombie is destroyed!
The centaur shoots an arrow.
The arrow barely misses your ogre. The arrow closely misses you.
The arrow hits your centaur zombie!
Your centaur zombie is destroyed!
Your ogre closely misses the centaur.
An orc warrior comes into view.
It is wielding a +0 glaive and wearing a +0 chain mail of fire resistance.
An orc warrior comes into view. It is wielding a +0 arbalest.
The centaur shoots an arrow.
The arrow barely misses your ogre.
You reflect the arrow off an invisible shield around you!
The arrow completely misses your ogre.
The arrow hits the centaur!
The centaur shoots an arrow.
The arrow hits your ogre!
You hear a shout!
Really quaff the potion of attraction?
You feel attractive to monsters.
Your ogre hits the centaur with a +0 giant club!!!
The centaur dies!
Trog accepts your kill.
The centaur shoots an arrow.
The arrow hits your ogre!
The centaur shoots an arrow.
The arrow completely misses your ogre. The arrow barely misses you.
Your ogre rages.
The centaur is attracted toward you.
The orc warrior is attracted toward you. x2
You hit the centaur.
The centaur is severely wounded.
The centaur unwields a +0 shortbow.
You block the centaur's attack. The centaur misses you.
The orc warrior barely misses you.
The orc warrior unwields a +0 arbalest.
The orc warrior wields a +0 glaive.
The orc warrior hits you with a +0 glaive!
Your ogre barely misses the centaur.
Your orc warrior zombie hits the centaur!
The centaur dies!
Trog accepts your kill. You block the orc warrior's attack.
The orc warrior is attracted toward you.
You take 15 damage, and have 53/96 hp.
You slice the orc warrior!!
You kill the orc warrior!
Trog accepts your kill.
Your ogre hits the orc warrior with a +0 giant club!!
The orc warrior completely misses you.
The orc warrior unwields a +0 arbalest.
The orc warrior wields a +0 glaive.
The orc warrior hits your ogre with a +0 glaive!!
Your ogre dies!
Your ogre's corpse disappears in a puff of smoke!
A centaur comes into view.
The orc warrior shouts!
The orc warrior is attracted toward you. x3
The centaur is attracted toward you.
An orc warrior comes into view. It is wielding a +0 scimitar.
You fade into invisibility!
The orc warrior shouts!
You hear a shout!
Your centaur zombie misses the orc warrior.
Your centaur zombie kicks the orc warrior.
The orc warrior unwields a +0 arbalest.
The orc warrior wields a +0 glaive.
The orc warrior hits your orc warrior zombie with a +0 glaive!
Your orc warrior zombie is destroyed!
Your centaur zombie hits the orc warrior.
Your centaur zombie kicks the orc warrior.
The orc warrior hits your centaur zombie with a +0 glaive!
The centaur wields a +0 shortbow.
The centaur shoots an arrow.
The arrow completely misses you.
The orc warrior is attracted toward you.
The centaur is attracted toward you.
The orc warrior is attracted toward you.
You slash the orc warrior!
You kill the orc warrior!
Trog accepts your kill.
Your centaur zombie hits the orc warrior but does no damage.
Your centaur zombie kicks the orc warrior but does no damage.
The centaur unwields a +0 shortbow.
The centaur barely misses you. The centaur closely misses you.
The orc warrior hits your centaur zombie with a +0 scimitar!
An orc knight comes into view. It is wielding a +0 arbalest.
Your centaur zombie barely misses the orc warrior.
Your centaur zombie kicks the orc warrior.
The centaur hits you but does no damage.
The centaur misses you.
The orc warrior hits your centaur zombie with a +0 scimitar!
Your centaur zombie is destroyed!
An orc warrior comes into view. It is wielding a +0 glaive.
The orc warrior hits your orc warrior zombie with a +0 glaive!
The orc warrior is attracted toward you.
The orc knight is attracted toward you.
The orc warrior is attracted toward you.
Your Long Blades skill increases to level 12!
You catch the helpless centaur completely off-guard!
You slash the centaur! You squeeze the centaur.
You kill the centaur!
Trog accepts your kill.
The orc warrior hits you with a +0 scimitar!
An orc warrior comes into view. It is wielding a +0 halberd.
The orc warrior hits your orc warrior zombie with a +0 glaive!!
Your orc warrior zombie hits the orc warrior.
The orc warrior is attracted toward you.
The orc knight is attracted toward you.
The orc warrior is attracted toward you.
You take 15 damage, and have 39/96 hp.
You slash the orc warrior! You grab the orc warrior.
The orc warrior is heavily wounded.
You constrict the orc warrior!
An orc warrior comes into view. It is wielding a +0 flail.
The orc warrior hits your orc warrior zombie with a +0 glaive!
Your orc warrior zombie is destroyed!
The orc warrior closely misses you.
The orc knight unwields a +0 arbalest.
The orc knight wields a +0 glaive.
The orc knight completely misses you.
The orc warrior struggles to escape constriction.
A centaur comes into view.
The orc warrior is attracted toward you. x2
The orc is attracted toward you. The centaur is attracted toward you.
As you read the scroll of teleportation, it crumbles to dust.
You feel strangely unstable.
You constrict the orc warrior.
The centaur wields a +0 shortbow.
The centaur shoots an arrow.
You reflect the arrow off an invisible shield around you!
The arrow hits the orc knight.
An orc comes into view. It is wielding a +0 arbalest.
The orc warrior misses you.
The centaur shoots an arrow.
The arrow hits the orc knight.
The orc warrior is attracted toward you. x2
The orc is attracted toward you. x2
You strike the helpless orc warrior from behind!
You slice the orc warrior!!
You kill the orc warrior!
Trog accepts your kill. You block the orc warrior's attack.
The orc shoots a bolt.
The bolt closely misses the orc warrior.
The bolt completely misses you.
The bolt misses your orc warrior zombie.
The orc warrior hits you from afar with a +0 glaive!
The orc warrior unwields a +0 halberd.
The orc warrior wields a +2 vorpal arbalest.
The orc warrior shoots a bolt.
The bolt hits the orc warrior.
The centaur shoots an arrow.
The arrow hits the orc knight!
You block the orc knight's attack.
The orc shoots a bolt.
The bolt barely misses the orc warrior.
The bolt misses the orc warrior.
The bolt completely misses you.
The bolt barely misses the orc knight.
The orc warrior closely misses you.
The orc shoots a bolt.
The bolt barely misses the orc warrior.
The bolt completely misses you.
The centaur shoots an arrow.
The arrow closely misses the orc knight.
The arrow closely misses you. The arrow hits your orc warrior zombie!
The orc warrior shoots a bolt.
The bolt barely misses the orc warrior.
The bolt hits you!!
* * * LOW HITPOINT WARNING * * *
You die...

≈≈≈≈# ≈≈≈≈### §≈≈≈≈## ≈≈ ..
..≈≈≈# ≈≈. ...§ ..≈≈# ≈≈.§
.##.§##o§.###...#
.....§§o))o......
......ooo))c.....
#########@.o#### #ZoZ## ##))##
##.).#### ### ...... #.#.###.#
##.. .....### #)..)...### #...
.......### ##..).)##.## ##...
.......#.## ####.....#...####....
..........###.............##.....


You could see an orc knight (unable to see you, ally target), 5 orc warriors, a
centaur (unable to see you), 2 orcs and 2 friendly orc warrior zombies.

Vanquished Creatures
  An ettin (Orc:2)
  A hydra (Lair:1)
  Harold (Lair:1)
  A centaur warrior (D:9)
  2 boulder beetles (Lair:1)
  2 two-headed ogres
  2 death yaks (Lair:1)
  A tengu warrior (D:9)
  An orc high priest (Orc:2)
  An orc knight (Orc:1)
  An orc sorcerer (Orc:1)
  A deep elf pyromancer (D:9)
  A cyclops (D:9)
  Joseph (D:8)
  A black mamba (Lair:1)
  A torpor snail (Lair:1)
  A cane toad (Lair:1)
  A kobold demonologist (D:9)
  2 komodo dragons (Lair:1)
  A hornet (D:9)
  4 trolls
  5 blink frogs
  A slime creature (D:9)
  The ghost of scisormetimb3rs the Trooper, an amateur OgFi of Okawaru (D:4)
  2 vampires
  2 wyverns
  19 yaks
  Menkaure (D:6)
  5 wargs
  8 water moccasins
  3 ice beasts
  14 orc warriors
  7 black bears
  9 ogres
  6 centaurs
  2 phantoms (D:6)
  3 kobold brigands
  Blork the orc (D:6)
  12 bullfrogs
  4 scorpions
  4 necrophages
  9 wights
  28 killer bees
  2 howler monkeys (D:6)
  3 hounds
  A gnoll bouda (D:5)
  13 orc priests
  2 jellies
  Crazy Yiuf (D:6)
  3 iguanas
  18 orc wizards
  A bullfrog simulacrum (D:4)
  2 scorpion simulacra (D:4)
  4 gnolls (D:5)
  4 adders
  A hound simulacrum (D:4)
  2 shadow imps
  3 white imps
  2 ufetubi
  2 worms (D:2)
  2 dart slugs
  2 adder simulacra (D:4)
  66 orcs
  2 bats
  4 endoplasms
  A giant cockroach (D:1)
  4 goblins
  6 hobgoblins
  7 jackals
  17 kobolds
  7 quokkas
  6 ball pythons
  4 frilled lizards
  8 rats
374 creatures vanquished.

Vanquished Creatures (collateral kills)
  An orc sorcerer (Orc:2)
  2 orc warriors (Orc:2)
  An ogre (Orc:2)
  4 centaurs (Orc:2)
  A bullfrog (D:9)
  An orc priest (Orc:2)
10 creatures vanquished.

Vanquished Creatures (others)
  An ettin zombie (Orc:2)
  3 centaur zombies (Orc:2)
  An orc wizard (D:4)
  An ogre zombie (Orc:2)
  2 orcs
  14 orc zombies (Orc:2)
  46 fungi
  45 plants
113 creatures vanquished.

Grand Total: 497 creatures vanquished

Notes
Turn   | Place    | Note
-------+----------+-------------------------------------------
     0 | D:1      | mdonais the Octopode Wanderer began the quest for the Orb.
     0 | D:1      | mdonais set off with the following items: a +0 dagger, a
                  | potion of lignification, a wand of polymorph (4), a scroll
                  | of silence, a +0 buckler of protection.
     0 | D:1      | Reached XP level 1. HP: 16/16 MP: 1/1
    62 | D:1      | Reached skill level 1 in Stealth
   174 | D:1      | Reached XP level 2. HP: 21/21 MP: 2/2
   768 | D:2      | Found a faded altar of an unknown god.
   771 | D:2      | Prayed at the altar of an unknown god.
   771 | D:2      | Became a worshipper of Trog the Wrathful
   771 | D:2      | Reached * piety under Trog
  1052 | D:2      | Reached XP level 3. HP: 26/26 MP: 3/3
  1370 | D:2      | Reached ** piety under Trog
  1463 | D:2      | Reached XP level 4. HP: 31/31 MP: 4/4
  1915 | D:3      | Found Doac's Weapon Boutique.
  2372 | D:4      | Noticed an ogre
  2383 | D:4      | Killed an ogre
  2384 | D:4      | Reached skill level 1 in Throwing
  2384 | D:4      | Reached XP level 5. HP: 38/38 MP: 5/5
  2457 | D:4      | Noticed a black bear
  2466 | D:4      | Killed a black bear
  2467 | D:4      | Reached XP level 6. HP: 45/45 MP: 6/6
  2512 | D:4      | Found a runed translucent gate.
  2512 | D:4      | Found a runed translucent gate.
  2512 | D:4      | Found a runed translucent gate.
  2546 | D:4      | Reached skill level 5 in Fighting
  2734 | D:4      | Noticed an ice beast
  2734 | D:4      | Noticed scisormetimb3rs's ghost (amateur OgFi)
  3483 | D:4      | Reached XP level 7. HP: 50/50 MP: 7/7
  3841 | D:5      | Entered Level 5 of the Dungeon
  3862 | D:5      | Reached skill level 1 in Short Blades
  3928 | D:5      | Found a large runed translucent door.
  3938 | D:5      | Found a large runed translucent door.
  4195 | D:5      | Reached XP level 8. HP: 51/58 MP: 8/8
  4319 | D:5      | Reached skill level 5 in Stealth
  4737 | D:5      | Found a staircase to the Ecumenical Temple.
  4746 | Temple   | Entered the Ecumenical Temple
  4761 | D:5      | You fall into a shaft and drop 3 floors!
  4780 | D:8      | Reached skill level 5 in Dodging
  4967 | D:8      | Reached *** piety under Trog
  5004 | D:8      | Noticed a yak
  5086 | D:7      | Reached skill level 1 in Ranged Weapons
  5142 | D:7      | Found a bloodstained altar of Trog.
  5147 | D:7      | Found a white marble altar of Elyvilon.
  5147 | D:7      | Found a burning altar of Makhleb.
  5150 | D:7      | Found an iron altar of Okawaru.
  5175 | D:7      | Found a sacrificial altar of Ru.
  5366 | D:7      | Found a glowing silver altar of Zin.
  5453 | D:6      | Reached XP level 9. HP: 64/64 MP: 9/9
  5727 | D:6      | Found Erabireu's Weapon Emporium.
  5981 | D:6      | Noticed Blork the orc
  6034 | D:6      | Noticed Menkaure
  6054 | D:6      | Killed Menkaure
  6640 | D:6      | Killed Blork the orc
  6743 | D:6      | Found a runed translucent door.
  6744 | D:6      | Noticed Crazy Yiuf
  6752 | D:6      | Killed Crazy Yiuf
  6953 | D:7      | Reached skill level 5 in Evocations
  7085 | D:7      | Reached XP level 10. HP: 73/73 MP: 10/10
  7803 | D:8      | Reached skill level 1 in Long Blades
  7869 | D:8      | Reached skill level 2 in Long Blades
  7879 | D:8      | Reached skill level 3 in Long Blades
  7953 | D:8      | Found Otuloh's Wicked Wares.
  7961 | D:8      | Noticed Maggie
  7964 | D:8      | Noticed Maggie
  7964 | D:8      | Maggie changed into Maggie the blink frog
  7979 | D:8      | Killed Maggie the blink frog
  7979 | D:8      | Reached **** piety under Trog
  7980 | D:8      | Reached skill level 4 in Long Blades
  8064 | D:8      | Reached skill level 5 in Long Blades
  8169 | D:8      | Found a staircase to the Lair.
  8279 | D:8      | Noticed Joseph
  8528 | D:8      | Found a transporter.
  8532 | D:8      | Found a one-way gate to the infinite horrors of the Abyss.
  8532 | D:8      | Noticed hilljack's ghost (novice GrEE)
  8548 | D:8      | Found a transporter.
  8578 | D:8      | Found Veufio's General Store.
  8744 | D:8      | Noticed a toenail golem
  8777 | D:8      | Reached skill level 6 in Long Blades
  9131 | D:9      | Reached skill level 7 in Long Blades
  9356 | D:8      | Reached XP level 11. HP: 43/77 MP: 11/11
  9562 | D:9      | Noticed a two-headed ogre
  9634 | D:9      | Identified the +1 leather armour "Qiecsea" {MP+9 Str+2
                  | Dex+7}
  9671 | D:9      | Reached skill level 8 in Long Blades
  9915 | D:9      | Reached skill level 9 in Long Blades
 10212 | D:9      | Killed a two-headed ogre
 10370 | D:9      | Found an ancient bone altar of Kikubaaqudgha.
 10563 | D:9      | Noticed a deep elf pyromancer
 10585 | D:9      | Killed a deep elf pyromancer
 11084 | D:9      | Noticed a cyclops
 11093 | D:9      | Killed a cyclops
 11098 | D:9      | Got the Volume of Evolution
 11305 | D:9      | Paralysed by a hornet for 1 turns
 11310 | D:9      | Noticed a centaur warrior
 11365 | D:9      | Noticed a tengu warrior
 11567 | D:9      | Killed a tengu warrior
 11817 | D:9      | Killed a centaur warrior
 11988 | D:9      | Found an ancient bone altar of Kikubaaqudgha.
 12346 | D:10     | Entered Level 10 of the Dungeon
 12346 | D:10     | Found a portal to a secret trove of treasure.
 12366 | D:10     | Reached skill level 10 in Fighting
 12378 | D:10     | Noticed a two-headed ogre
 12382 | D:10     | Identified the ring of Osutuseibb {rElec rN+ Int-5 Dex+6}
 12385 | D:10     | Noticed a brown ugly thing
 12385 | D:10     | Noticed a death knight
 12386 | D:10     | Noticed a centaur warrior
 12386 | D:10     | Noticed an orc knight
 12386 | D:10     | Noticed a skeletal warrior
 12387 | D:10     | Killed a two-headed ogre
 12389 | D:10     | Noticed a six-headed hydra
 12390 | D:10     | Noticed a deep elf pyromancer
 12390 | D:10     | Noticed a white ugly thing
 12401 | D:10     | Found a runed translucent gate.
 12406 | D:10     | Found a runed translucent gate.
 12407 | D:10     | Found a runed translucent gate.
 12537 | D:10     | Reached XP level 12. HP: 88/88 MP: 12/12
 12911 | D:10     | Noticed Vadun's ghost (novice TeMo)
 13681 | D:10     | Found a staircase to the Orcish Mines.
 13769 | D:10     | Reached ***** piety under Trog
 14005 | Lair:1   | Entered Level 1 of the Lair of Beasts
 14017 | Lair:1   | Identified the +4 leather armour "Zeni" {rF+}
 14020 | Lair:1   | Noticed a death yak
 14044 | Lair:1   | Killed a death yak
 14045 | Lair:1   | Reached skill level 10 in Dodging
 14362 | Lair:1   | Noticed a five-headed hydra
 14618 | Lair:1   | You fall into a shaft and drop 1 floor!
 14898 | Lair:1   | Noticed a boulder beetle
 14919 | Lair:1   | Killed a boulder beetle
 15180 | Lair:1   | Noticed a death yak
 15182 | Lair:1   | Noticed Harold
 15210 | Lair:1   | Killed a death yak
 15216 | Lair:1   | Killed Harold
 15217 | Lair:1   | Reached skill level 10 in Stealth
 15560 | Lair:1   | Noticed a boulder beetle
 15569 | Lair:1   | Killed a boulder beetle
 15570 | Lair:1   | Reached skill level 10 in Long Blades
 15849 | Lair:1   | Killed a five-headed hydra
 15958 | Orc:1    | Entered Level 1 of the Orcish Mines
 16558 | Orc:1    | Found Runiunis's Armour Boutique.
 16908 | Orc:1    | Reached XP level 13. HP: 84/96 MP: 13/13
 17192 | D:8      | Bought the +9 sword of Zonguldrok {reap} for 1040 gold
                  | pieces
 17192 | D:8      | Found the +9 sword of Zonguldrok {reap}
 17212 | D:8      | Killed Joseph
 17443 | D:4      | Killed scisormetimb3rs's ghost
 17645 | D:5      | Found a broken altar of Ashenzari.
 17658 | D:5      | Found a hazy altar of Hepliaklqana.
 17788 | D:8      | Bought a scroll of identify for 26 gold pieces
 18042 | Orc:2    | Entered Level 2 of the Orcish Mines
 18077 | Orc:2    | Reached skill level 11 in Long Blades
 18297 | Orc:2    | Noticed an ettin
 18301 | Orc:2    | Killed an ettin
 18323 | Orc:2    | Found Ceuzegg's Overcharged Wands.
 18580 | Orc:2    | Found a staircase to the Elven Halls.
 18792 | Orc:2    | Reached skill level 12 in Long Blades
 18795 | Orc:2    | HP: 1/96 [orc warrior/bolt (29)]
 18795 | Orc:2    | Shot with a bolt by an orc warrior

Illustrated notes

Levels and vault maps discovered:
D:1:      lightli_arrival_statuegarden, layout_rooms
D:2:      layout_rooms, nicolae_ecumenical_oubliette, serial_bayou_pond_a
D:3:      layout_loops_ring, serial_shops, shop, dk_noncrumbling_2
D:4:      layout_loops_corners, gammafunk_ghost_icy
D:5:      layout_loops_cross, jmf_multi_god_temple2, lemuel_temple_firewalk_b
D:6:      layout_basic, kennysheep_small_circle, uniq_menkaure,
          uniq_blork_the_orc, uniq_crazy_yiuf_cottage
D:7:      layout_loops_corners, grunt_temple_overflow_open,
          mainiacjoe_overflow_24_doors, minmay_checkerbox
D:8:      layout_cave_pods, due_lair_maze_entry_diamond, serial_shops,
          nicolae_shop_crystal, gammafunk_ghost_abyssal_escape,
          roderic_lattice_a, nicolae_evil_shop, uniq_maggie, uniq_joseph
D:9:      layout_basic, mainiacjoe_overflow_chevrons, minmay_pinched_square
D:10:     layout_gridville, hiddenorc2_lemuel, nicolae_trove_entry_isolated,
          gammafunk_ghost_split, minivault_12
Temple:   hellmonk_temple_forest_ring
Lair:1:   layout_loops_ring, nzn_sisyphean_effort, serial_bayou_shore_b,
          infiniplex_staircase_pool_2, lemuel_fruit_fields, uniq_harold
Lair:2:   layout_concentric_octagons
Orc:1:    layout_caves, serial_shops, nicolae_diamond_shop
Orc:2:    st_orc_rangers, layout_diamond_mine, nicolae_shop_overcharged_wands

Skill      XL: |  1  2  3  4  5  6  7  8  9 10 11 12 13 |
---------------+----------------------------------------+-----
Stealth        | 2 3 4 6 7 9 10 | 10.0
Dodging        | 2 3 4 5 6 7 9 10 11 | 11.0
Fighting       | 4 5 6 7 8 9 10 11 | 11.9
Throwing       | 1 2 |  2.0
Short Blades   | 1 2 |  2.1
Evocations     | 4 5 6 |  6.0
Ranged Weapons | 1 3 4 |  4.0
Long Blades    | 7 9 10 12 | 12.0
Shields        | |  4.0
Invocations    | |  1.0

Action                   |  1- 3 |  4- 6 |  7- 9 | 10-12 | 13-15 || total
-------------------------+-------+-------+-------+-------+-------++-------
Melee: Dagger            |    73 |   118 |   231 |   165 |       ||   587
       Tentacles         |    28 |    21 |    71 |   197 |    18 ||   335
       Constrict         |    22 |    14 |    47 |   105 |    12 ||   200
       Punch             |       |     2 |     6 |    17 |       ||    25
       Short sword       |       |       |       |   446 |       ||   446
       Falchion          |       |       |       |    36 |     3 ||    39
       Double sword      |       |       |       |       |    77 ||    77
 Fire: Sling             |       |       |    67 |   300 |     5 ||   372
Throw: Dart              |       |     1 |    12 |    25 |       ||    38
       Boomerang         |       |       |     3 |       |     4 ||     7
Invok: Berserk           |       |     2 |     8 |    16 |     3 ||    29
       Trog's Hand       |       |     1 |     2 |       |     1 ||     4
       Brothers in Arms  |       |       |       |     1 |     1 ||     2
Evoke: Wand              |       |       |     2 |    17 |       ||    19
       Box of beasts     |       |       |       |     1 |     1 ||     2
  Use: Potion            |       |     1 |       |     2 |     2 ||     5
       Scroll            |       |       |     7 |     2 |     3 ||    12
 Stab: Sleeping          |     7 |    13 |    16 |     5 |     1 ||    42
       Distracted        |       |       |     1 |     2 |     2 ||     5
       Paralysed         |       |       |       |     4 |       ||     4
       Invisible         |       |       |       |       |     2 ||     2
Armor: Skin              |    18 |    31 |    14 |    25 |     5 ||    93
Dodge: Dodged            |    28 |    38 |    98 |   289 |    65 ||   518
Block: Buckler           |     9 |    14 |    39 |   216 |    49 ||   327
       Reflection        |       |       |       |     4 |     9 ||    13
